 Dungeon Crawl Stone Soup version 0.31.0-32-g396128a36d (webtiles) character file.

Game seed: 11918013034472106732

18 tizbic2 the Cudgeller (level 2, -1/31 HPs)
             Began as an Oni Gladiator on Apr 14, 2024.
             Succumbed to a goblin's poison
             ... on level 1 of the Dungeon.
             The game lasted 00:02:47 (512 turns).

tizbic2 the Cudgeller (Oni Gladiator)                Turns: 512, Time: 00:02:48

Health: -1/31      AC:  3    Str: 17    XL:     2   Next: 70%
Magic:  2/2        EV: 10    Int: 15    God:
Gold:   52         SH:  0    Dex: 16    Spells: 0/1 levels left

rFire   . . .        j - +0 quarterstaff
rCold   . . .        (shield currently unavailable)
rNeg    . . .        b - +0 robe
rPois   .            c - melded +0 hat
rElec   .            (cloak currently unavailable)
rCorr   .            (gloves unavailable)
SInv    .            (boots unavailable)
Will    .....        (no amulet)
Stlth   +            h - +6 ring of dexterity
HPRegen 0.25/turn    k - +6 ring of intelligence
MPRegen 0.08/turn

%: no passive effects
@: lethally poisoned (-1 -> -22), beast-form, hasted, very quick
A: beast (slay +0), large, unfitting armour, horns 1, tough skin 1, double
potion healing, drunken brawling
a: Begin Untransformation


You were on level 1 of the Dungeon.
You were a hulking beast.
You visited 1 branch of the dungeon, and saw 2 of its levels.

You collected 52 gold pieces.

Inventory:

Hand Weapons
 a - a +0 flail
 f - a +3 short sword
 j - a +0 quarterstaff (weapon)
Missiles
 d - 2 throwing nets (quivered)
 e - a large rock
Armour
 b - a +0 robe (worn)
 c - a +0 hat (melded)
Jewellery
 h - a +6 ring of dexterity (left hand)
 k - a +6 ring of intelligence (right hand)
Talismans
 m - a beast talisman (active)
Scrolls
 g - a scroll of amnesia {unknown}
 l - a scroll of acquirement {unknown}
Potions
 i - a potion of haste


   Skills:
 + Level 3.1 Fighting
 + Level 3.2 Maces & Flails
 * Level 2.6 Throwing
 - Level 2.6 Dodging
 + Level 0.1 Shapeshifting


You couldn't memorise any spells.
You knew the following spells:

 Your Spells              Type           Power      Damage    Failure   Level
a - Freeze                Ice            0%         1d3       26%         1

Your spell library contained the following spells:

 Spells                   Type           Power      Damage    Failure   Level
 Frozen Ramparts          Ice            0%         1d1       63%         3
 Hailstorm                Conj/Ice       0%         3d5       63%         3


Dungeon Overview and Level Annotations

Branches:
Dungeon (2/15)

Altars:


Innate Abilities, Weirdness & Mutations

You are a hulking beast.
Your limbs bulge with bestial killing power. (Slay +0)
You are too large for most types of armour.
You have a pair of small horns on your head.
You have tough skin. (AC +1)
You gain doubled healing and magic from potions.
Whenever you drink a healing potion, you attack all around you.


Message History

The goblin barely misses you.
A goblin comes into view. It is wielding a +0 club.
The ball python barely misses you.
The goblin hits you with a +1 dagger of venom.
You are poisoned.
You climb upwards.
You feel sick.
There is a stone staircase leading down here.
You hit the ball python.
You kill the ball python!
You feel sick. The goblin hits you but does no damage.
You are more poisoned.
You barely miss the goblin.
The goblin is heavily wounded.
You feel very sick. The goblin barely misses you.
You closely miss the goblin.
The goblin is heavily wounded.
You feel very sick. The goblin hits you but does no damage.
You are more poisoned.
You closely miss the goblin.
The goblin is heavily wounded.
You feel very sick. The goblin hits you but does no damage.
You are lethally poisoned!
You closely miss the goblin.
The goblin is heavily wounded.
You feel very sick. The goblin barely misses you.
The goblin hits you with a +1 dagger of venom.
* * * LOW HITPOINT WARNING * * *
It was a potion of haste.
You feel yourself speed up.
* * * LOW HITPOINT WARNING * * *
You feel very sick.
The goblin hits you with a +1 dagger of venom.
* * * LOW HITPOINT WARNING * * *
You are more poisoned.
You closely miss the goblin.
The goblin is moderately wounded.
You die...

# # ################
##################...#...........
)...............h......#########.
..>........######g...### #.
###....###########....# ### #. #
####...##...........###.######.
######..#.#####....)....รท......
#...........##.......###..#####.#
..#######........#######..# #.# #
######..#.....##)..# #.#
#......##........#.### #.#


You could see a goblin.

Vanquished Creatures
  An endoplasm (D:1)
  3 goblins
  3 hobgoblins
  2 kobolds (D:1)
  5 ball pythons (D:1)
  A frilled lizard (D:1)
  3 rats (D:1)
18 creatures vanquished.

Notes
Turn   | Place    | Note
-------+----------+-------------------------------------------
     0 | D:1      | tizbic2 the Oni Gladiator began the quest for the Orb.
     0 | D:1      | Reached XP level 1. HP: 22/22 MP: 1/1
   175 | D:1      | Reached XP level 2. HP: 31/31 MP: 2/2
   328 | D:1      | Learned a level 1 spell: Freeze
   512 | D:1      | Succumbed to a goblin's poison

Illustrated notes

Levels and vault maps discovered:
D:1:      psy_arrival_conway, layout_rooms
D:2:      layout_basic, chequers_ecumenical_altar_island, uniq_robin

Skill      XL: |  1 |
---------------+----+-----
Fighting       | 3 |  3.1
Maces & Flails | |  3.2
Throwing       | |  2.6
Dodging        | |  2.6
Shapeshifting  | |  0.1

Action                     || total
---------------------------++-------
  Melee: Flail             ||    14
         Short sword       ||    13
         Headbutt          ||     6
         Quarterstaff      ||    17
  Throw: Throwing net      ||     1
   Cast: Freeze            ||     1
    Use: Potion            ||     1
   Stab: Sleeping          ||     1
 Armour: Robe              ||    21
  Dodge: Dodged            ||    18
   Form: Beast             ||     1
